 Dungeon Crawl Stone Soup version 0.21-a0-94-gdd6ab6a (webtiles) character file.

143 protoss039 the Conjurer (level 5, -7/28 HPs)
             Began as a Deep Elf Conjurer on July 2, 2017.
             Mangled by a scorpion (10 damage)
             ... on level 4 of the Dungeon.
             The game lasted 00:13:11 (2758 turns).

protoss039 the Conjurer (Deep Elf Conjurer)         Turns: 2758, Time: 00:13:12

Health: -7/28      AC:  4    Str:  5    XL:     5   Next: 4%
Magic:  2/12       EV: 13    Int: 21    God:
Gold:   97         SH:  0    Dex: 15    Spells: 8/11 levels left

rFire    + . .     SeeInvis .   e - +0 dagger
rCold    + . .     Gourm    .   (no shield)
rNeg     . . .     Faith    .   d - +2 robe {rC+ rF+}
rPois    .         Spirit   .   (no helmet)
rElec    .         Reflect  .   (no cloak)
rCorr    .         Harm     .   (no gloves)
MR       .....                  (no boots)
Stlth    ++........             (no amulet)
HPRegen  0.09/turn              (no ring)
MPRegen  0.13/turn              (no ring)

@: lethally poisoned (-7 -> -14)
A: no striking features
a: no special abilities


You were on level 4 of the Dungeon.
You were hungry.

You visited 1 branch of the dungeon, and saw 4 of its levels.

You collected 97 gold pieces.

Inventory:

Hand Weapons
 e - a +0 dagger (weapon)
Armour
 a - a +0 robe
 d - a +2 robe of resistance (worn)
Scrolls
 h - a scroll of noise {unknown}
 i - a scroll of fear {unknown}
 j - 5 scrolls of identify
 k - a scroll of enchant weapon {unknown}
 l - 4 scrolls of remove curse
 m - a scroll of blinking {unknown}
 o - a scroll of amnesia {unknown}
 p - 3 scrolls of recharging {unknown}
Potions
 f - 4 potions of curing {unknown}
 q - a potion of flight {unknown}
 r - a potion of heal wounds {unknown}
 t - a potion of cancellation {unknown}
 u - a potion of ambrosia {unknown}
Books
 b - a book of Conjurations

   Spells                             Type                      Level
   a - Magic Dart                     Conjuration                  1
   b - Searing Ray                    Conjuration                  2
   c - Dazzling Spray                 Conjuration/Hexes            3
   d - Fulminant Prism                Conjuration/Hexes            4
   e - Force Lance                    Conjuration/Translocation    4
   f - Iskenderun's Mystic Blast      Conjuration                  4
Comestibles
 c - 2 bread rations
 g - 2 royal jellies
 n - 2 meat rations
 s - 5 chunks of flesh


   Skills:
 + Level 3.2 Dodging
 + Level 2.5 Stealth
 * Level 3.8 Spellcasting
 + Level 6.3 Conjurations


You had 8 spell levels left.
You knew the following spells:

 Your Spells              Type           Power        Failure   Level  Hunger
a - Magic Dart            Conj           ####         1%          1    None
b - Searing Ray           Conj           ####..       1%          2    #......


Dungeon Overview and Level Annotations

Branches:
Dungeon (4/15)
 Temple: D:4-7

Altars:
Dithmenos
Fedhas
Okawaru
Sif Muna


Message History

You feel sick.
You are feeling hungry.
The scorpion barely misses you.
You feel sick.
You are no longer poisoned.
Casting: Magic Dart
Confirm with . or Enter, or press ? or * to list all spells.
Aiming: Searing Ray
Press: ? - help, Shift-Dir - straight line, f/p - scorpion
Aim: a scorpion (heavily wounded)
The searing ray misses the scorpion. (Press . to maintain the ray.)
The scorpion stings you!
* * * LOW HITPOINT WARNING * * *
You are lethally poisoned!
The scorpion poisons you!
The searing ray misses the scorpion.
* * * LOW HITPOINT WARNING * * *
You feel sick. The scorpion stings you!
You die...

#.# ##### #.# ####.# #...#
#.#.# .....# #.#.# #.#.#
###### #.#.# #.#.# #.#.# #.#.#
# ####รท#.# #.#.# # #....[.#
#.#.# # #.##.#####.#.#########
# #.##...s@............# #
#.########.#.........# #
#.########.#.........# #
#..........#.........#
####################..########
......................#
#####################.# #.#
#.#


You could see a scorpion.

Vanquished Creatures
  A hound (D:4)
  A worker ant (D:4)
  An adder (D:3)
  A dart slug (D:1)
  A leopard gecko (D:2)
  4 orcs
  4 ball pythons
  8 giant cockroaches
  8 goblins
  10 hobgoblins
  3 jackals (D:4)
  A quokka (D:2)
  6 bats
  10 frilled lizards
  5 kobolds
  A quokka skeleton (D:4)
  9 rats
74 creatures vanquished.

Notes
Turn   | Place    | Note
-------+----------+-------------------------------------------
     0 | D:1      | protoss039 the Deep Elf Conjurer began the quest for the Orb.
     0 | D:1      | Reached XP level 1. HP: 10/10 MP: 6/6
   264 | D:1      | Reached XP level 2. HP: 15/15 MP: 1/8
   591 | D:1      | Reached skill level 5 in Conjurations
   874 | D:2      | Learned a level 2 spell: Searing Ray
  1037 | D:2      | Reached XP level 3. HP: 19/19 MP: 4/9
  1953 | D:3      | Reached skill level 6 in Conjurations
  2093 | D:3      | Reached XP level 4. HP: 24/24 MP: 8/10
  2196 | D:3      | Found a deep blue altar of Sif Muna.
  2201 | D:3      | Found a blossoming altar of Fedhas.
  2204 | D:3      | Found an iron altar of Okawaru.
  2207 | D:3      | Found a shadowy altar of Dithmenos.
  2714 | D:4      | Reached XP level 5. HP: 28/28 MP: 8/12
  2758 | D:4      | Mangled by a scorpion

Vault maps used:
D:1:      evilmike_arrival_grusome_pit
D:3:      grunt_temple_overflow_cloverleaf, grunt_decor_arrowhead,
          nicolae_underground_beach
D:4:      serial_shops, shop, nrook_mini_backslash

Skill      XL: |  1  2  3  4 |
---------------+-------------+-----
Conjurations   | 5 6 |  6.3
Dodging        | 3 |  3.2
Stealth        | |  2.5
Spellcasting   | |  3.8

Action                   |  1- 3 |  4- 6 || total
-------------------------+-------+-------++-------
Melee: Dagger            |    18 |     1 ||    19
 Cast: Magic Dart        |   106 |    32 ||   138
       Searing Ray       |     2 |     2 ||     4
  Use: Scroll            |     2 |       ||     2
  Eat: Chunk             |     4 |     1 ||     5
Armor: Robe              |     1 |       ||     1
Dodge: Dodged            |    47 |     3 ||    50
